 Dungeon Crawl Stone Soup version 0.28-a0-390-gb254ac4902 (webtiles) character file.

Game seed: 15451480208550205015

35 marietta the Magician (level 3, 0/27 HPs)
             Began as a Djinni Fire Elementalist on Sept 3, 2021.
             Slain by Terence (2 damage)
             ... on level 2 of the Dungeon on Sept 4, 2021.
             The game lasted 00:04:28 (2175 turns).

marietta the Magician (Djinni Fire Elementalist)    Turns: 2175, Time: 00:04:29

Health: 0/27       AC:  2    Str:  7    XL:     3   Next: 55%
Gold:   17         EV: 12    Int: 17    God:
                   SH:  0    Dex: 13

rFire   + + .      SeeInvis .   g - +5 short sword
rCold   x . .      Faith    .   (no shield)
rNeg    . . .      Spirit   .   a - +0 robe
rPois   ∞          Reflect  .   (no helmet)
rElec   .          Harm     .   (no cloak)
rCorr   .          Rampage  .   (no gloves)
Will    .....                   (boots unavailable)
Stlth   ++........              (no amulet)
HPRegen 0.09/turn               (no ring)
MPRegen 0.00/turn               (no ring)

@: flying, hasted, very quick
A: sickness immunity, fire resistance 2, cold vulnerability 1, float, innate
caster, hp casting, extra vitality 1
a: no special abilities


You were on level 2 of the Dungeon.
You visited 1 branch of the dungeon, and saw 2 of its levels.

You collected 17 gold pieces.

Inventory:

Hand Weapons
 g - a +5 short sword (weapon)
Missiles
 c - 2 javelins
Armour
 a - a +0 robe (worn)
Scrolls
 e - a scroll of teleportation {unknown}
 f - a scroll of acquirement {unknown}
Potions
 d - 2 potions of flight {unknown}


   Skills:
 + Level 1.4 Fighting
 - Level 2.1 Dodging
 - Level 1.5 Stealth
 * Level 3.1 Spellcasting


You couldn't memorise any spells.
You knew the following spells:

 Your Spells              Type           Power      Damage    Failure   Level
a - Foxfire               Conj/Fire      52%        2x1d6     4%          1
b - Scorch                Fire           26%        2d6       7%          2
c - Conjure Flame         Conj/Fire      13%        6-21      14%         3
d - Inner Flame           Hex/Fire       13%        N/A       14%         3
e - Flame Wave            Conj/Fire      13%        3d5       43%         4
f - Summon Small Mammal   Summ           52%        N/A       4%          1
Your spell library was empty.

Dungeon Overview and Level Annotations

Branches:
Dungeon (2/15)

Altars:

Annotations:
D:2 Terence


Innate Abilities, Weirdness & Mutations

You are immune to sickness and miasma.
You are immune to poison.
Your flesh is very heat resistant. (rF++)
You are vulnerable to cold. (rC-)
You float through the air rather than walking.
You learn spells naturally, not from books.
Your magical power is your life essence.
You have superior vitality. (+4 HP)


Message History

HP restored.
Casting: Summon Small Mammal (safe; 4% risk of failure)
Confirm with . or Enter, or press ? or * to list all spells.
Casting: Summon Small Mammal (safe; 4% risk of failure)
Confirm with . or Enter, or press ? or * to list all spells.
Casting: Summon Small Mammal (safe; 4% risk of failure)
Confirm with . or Enter, or press ? or * to list all spells.
Your quokka disappears in a puff of smoke!
Casting: Summon Small Mammal (safe; 4% risk of failure)
Confirm with . or Enter, or press ? or * to list all spells.
Your bat disappears in a puff of smoke!
Casting: Summon Small Mammal (safe; 4% risk of failure)
Confirm with . or Enter, or press ? or * to list all spells.
Your bat disappears in a puff of smoke!
You see here 18 sling bullets.
There is a stone staircase leading down here.
You fly downwards.
Your summoned allies are left behind.
Level annotation: Terence Terence hits you with a +0 short sword.
Terence completely misses you.
There is a stone staircase leading up here.
There is a stone staircase leading up here.
It was a potion of haste.
You feel yourself speed up. Terence hits you with a +0 short sword.
You barely miss Terence. Terence hits you with a +0 short sword.
You hit Terence.
Terence is lightly wounded.
You hit Terence but do no damage.
Terence is lightly wounded.
Terence barely misses you.
You hit Terence but do no damage.
Terence is lightly wounded.
Terence says, "You're history."
Terence hits you with a +0 short sword!
* * * LOW HITPOINT WARNING * * *
You hit Terence.
Terence is moderately wounded.
You puncture Terence!
Terence is severely wounded.
Terence hits you with a +0 short sword.
You die...

########## # #........#
#.#.# #.##..##+###.#.#
#.#<..#........#
#.@............#
...#@...##........#
...............###.#.
.......###.........#
....... #..>.[....#
....... #.#######.#
....... #.# #####.###..
..########.###..........
.. ...........r)...###..
#######.###b....#


You could see Terence.

Vanquished Creatures
  A gnoll (D:1)
  3 dart slugs (D:1)
  An endoplasm (D:1)
  A giant cockroach (D:1)
  4 hobgoblins (D:1)
  2 bats (D:1)
  A frilled lizard (D:1)
  2 goblins (D:1)
  A kobold (D:1)
  2 rats (D:1)
18 creatures vanquished.

Vanquished Creatures (collateral kills)
  An endoplasm (D:1)
  A rat (D:1)
2 creatures vanquished.

Vanquished Creatures (others)
  54 foxfires
54 creatures vanquished.

Grand Total: 74 creatures vanquished

Notes
Turn   | Place    | Note
-------+----------+-------------------------------------------
     0 | D:1      | marietta the Djinni Fire Elementalist began the quest for
                  | the Orb.
     0 | D:1      | Reached XP level 1. HP: 15/15 MP: 0/0
   629 | D:1      | Reached XP level 2. HP: 7/22 MP: 0/0
   855 | D:1      | Reached skill level 1 in Fighting
  1049 | D:1      | Reached XP level 3. HP: 26/27 MP: 0/0
  1049 | D:1      | Learned a level 1 spell: Summon Small Mammal
  1200 | D:1      | Reached skill level 3 in Spellcasting
  1963 | D:2      | Noticed Terence
  2175 | D:2      | Slain by Terence

Illustrated notes

Levels and vault maps discovered:
D:1:      giann_forest_graveyard, layout_basic, hangedman_decor_riveting,
          minmay_pentomino_t4
D:2:      layout_basic, grunt_ministairs_12, uniq_robin, uniq_terence

Skill      XL: |  1  2  3 |
---------------+----------+-----
Fighting       | 1 |  1.4
Spellcasting   | 3 |  3.1
Dodging        | |  2.1
Stealth        | |  1.5

Action                   || total
-------------------------++-------
Melee: Unarmed           ||    22
       Short sword       ||     6
 Cast: Foxfire           ||    39
       Summon Small Mamm ||    14
  Use: Potion            ||     1
Armor: Robe              ||    19
Dodge: Dodged            ||    44

Table legend: (Time is in decaauts)
 A = Elapsed time spent in this place.
 B = Non-inter-level travel time spent in this place.
 C = Inter-level travel time spent in this place.
 D = Time resting spent in this place.
 E = Time spent auto-exploring this place.
 F = Levels seen in this place.
 G = Mean time per level.
                   A        B        C        D        E       F      G
               +--------+--------+--------+--------+--------+-----+--------+
         Total |   2173 |   2156 |     17 |    840 |    985 |   2 | 1086.5 |
       Dungeon |   2173 |   2156 |     17 |    840 |    985 |   2 | 1086.5 |
               +--------+--------+--------+--------+--------+-----+--------+

Top non-repeatable levels by time:
     D:1: 2107 daAuts
     D:2: 66 daAuts
